 Dungeon Crawl Stone Soup version 0.16.0-17-g811c1d7 (webtiles) character file.

172 valak23 the Skirmisher (level 5, 0/47 HPs)
             Began as a Draconian Fighter on Mar 21, 2015.
             Succumbed to an adder's poison
             ... on level 3 of the Dungeon.
             The game lasted 00:04:47 (1925 turns).

valak23 the Skirmisher (Draconian Fighter)          Turns: 1925, Time: 00:04:48

Health: 0/47       AC:  8    Str: 20    XL:     5   Next: 27%
Magic:  5/5        EV: 11    Int:  8    God:
Gold:   157        SH:  9    Dex: 10    Spells: 0 memorised, 4 levels left

rFire  . . .     SeeInvis .     a - +0 long sword
rCold  . . .     Clarity  .     (armour unavailable)
rNeg   . . .     SustAb   .     c - +0 shield
rPois  .         Gourm    .     (helmet restricted)
rElec  .         Spirit   .     (no cloak)
rCorr  .         Warding  .     b - +0 pair of gloves
rMut   .         Stasis   .     d - +1 pair of boots
MR     .....                    (no amulet)
Stlth  +.........               (no ring)
                                (no ring)

@: lethally poisoned (0 -> -1), not resistant to hostile enchantments, very
unstealthy
A: unfitting armour, cold-blooded, AC +5
a: no special abilities


You were on level 3 of the Dungeon.
You were not hungry.

You visited 1 branch of the dungeon, and saw 3 of its levels.

You collected 157 gold pieces.

Inventory:

Hand weapons
 a - a +0 long sword (weapon)
Armour
 b - a +0 pair of gloves (worn)
 c - a +0 shield (worn)
 d - a +1 pair of boots (worn)
 t - a +0 shield
Scrolls
 g - a scroll of magic mapping
 j - a scroll of remove curse
 o - a scroll of enchant armour
 r - a scroll of blinking
Potions
 e - a potion of might
 m - 3 potions of curing
 n - 2 potions of cure mutation {unknown}
 p - a potion of berserk rage {unknown}
 q - a potion of mutation {unknown}
 s - a potion of poison {unknown}
Comestibles
 f - a bread ration
 h - 4 fruits
 i - a meat ration
 k - a royal jelly
 l - a beef jerky


   Skills:
 * Level 4.3 Fighting
 + Level 2.7 Long Blades
 + Level 3.8 Dodging
 - Level 0.4 Stealth
 + Level 3.9 Shields


You had 4 spell levels left.
You didn't know any spells.

Dungeon Overview and Level Annotations

Branches:
Dungeon (3/15)

Altars:
Ashenzari


Innate Abilities, Weirdness & Mutations

Your plain brown scales are hard (AC +5).
Your body does not fit into most forms of armour.
Your cold-blooded metabolism reacts poorly to cold.


Message History

The orc hits you but does no damage.
A rat comes into view.
You miss the adder.
You feel sick. You block the adder's attack. You block the orc's attack.
The adder closely misses you.
The orc zaps a wand.
The puff of frost hits you!
* * * LOW HITPOINT WARNING * * *
You are too injured to fight recklessly!
You are too injured to fight recklessly!
You are too injured to fight recklessly!
You are too injured to fight recklessly!
You hit the adder but do no damage. The adder closely misses you.
The orc drinks a potion.
The orc suddenly seems more agile.
The orc barely misses you. The adder bites you but does no damage.
You feel sick.
You closely miss the orc.
The orc zaps a wand.
The puff of frost hits you!
* * * LOW HITPOINT WARNING * * *
You block the orc's attack.
The orc zaps a wand.
The puff of frost hits you!
* * * LOW HITPOINT WARNING * * *
You barely miss the orc.
You die...

*,**.*.#,**,**,,,>,,*
*,**!#.#***,*****,*,*
*,**...# *,*****,*,,
*,**#..#***,,,,,,,***
#.###r.#*,,,,,,,***
#......#*,,,,,,,*
*,**#o.#*,,,,,,,*
*,*##..#*,,,,,,,*
#,*#@o.#*,,,,,,,*
#.##.#.#*,,,,,,,* *#
#...)..#*,,,,,,,**##.
####.###*,.,,,,,,,...
#.#,,...*,,*,**#..
#####
####.#......,,*,**#..
....#
#............,,,,,...
###.#
#.##.#.....##.*,**#.#
###.#
#.##.#..........###)#


You could see 2 orcs and a rat.

Vanquished Creatures
  2 orc wizards (D:3)
  2 worker ants (D:3)
  A giant mite (D:1)
  A worm (D:2)
  2 giant geckos (D:3)
  An ooze (D:3)
  2 orcs (D:3)
  3 giant cockroaches
  4 goblins
  7 hobgoblins
  3 jackals (D:2)
  6 ball pythons
  6 bats
  3 giant newts
  5 kobolds
  3 rats
51 creatures vanquished.

Notes
Turn   | Place    | Note
--------------------------------------------------------------
     0 | D:1      | valak23, the Draconian Fighter, began the quest for the Orb.
     0 | D:1      | Reached XP level 1. HP: 19/19 MP: 1/1
   223 | D:1      | Reached XP level 2. HP: 26/26 MP: 2/2
   900 | D:2      | Reached XP level 3. HP: 26/31 MP: 3/3
  1130 | D:2      | Found a shattered altar of Ashenzari.
  1384 | D:3      | Reached XP level 4. HP: 29/40 MP: 4/4
  1458 | D:3      | Reached skill level 4 in Fighting
  1542 | D:3      | Reached XP level 5. HP: 12/47 MP: 5/5
  1916 | D:3      | Noticed a water moccasin
  1924 | D:3      | HP: 1/47 [orc/wand of frost (10)]
  1925 | D:3      | Succumbed to an adder's poison

Action                   |  1- 3 |  4- 6 || total
-------------------------+-------+-------++-------
Melee: Long sword        |   101 |    82 ||   183
  Use: Scroll            |       |     8 ||     8
  Eat: Bread ration      |     1 |       ||     1
